 Dungeon Crawl Stone Soup version 0.21.1-1-g345015fe64 (webtiles) character file.

112 RUZZLEFAZAZZLE the Shield-Bearer (level 4, -3/41 HPs)
             Began as a Gnoll Fighter on Feb 9, 2018.
             Slain by an orc
             ... wielding a +0 trident
              (4 damage)
             ... on level 3 of the Dungeon.
             The game lasted 00:03:30 (1654 turns).

RUZZLEFAZAZZLE the Shield-Bearer (Gnoll Fighter)    Turns: 1654, Time: 00:03:30

Health: -3/41      AC:  7    Str: 24    XL:     4   Next: 95%
Magic:  5/5        EV:  9    Int: 10    God:
Gold:   90         SH: 11    Dex: 15    Spells: 5/5 levels left

rFire    . . .     SeeInvis .   a - +0 war axe
rCold    . . .     Gourm    .   c - +0 shield
rNeg     . . .     Faith    .   b - +0 scale mail
rPois    .         Spirit   .   (no helmet)
rElec    .         Reflect  .   (no cloak)
rCorr    +         Harm     .   (no gloves)
MR       .....                  (no boots)
Stlth    ..........             (no amulet)
HPRegen  0.13/turn              m - ring of resist corrosion (curse)
MPRegen  0.09/turn              (no ring)

@: mighty
A: distributed training, fangs 1, strong nose
a: no special abilities


You were on level 3 of the Dungeon.
You were not hungry.

You visited 1 branch of the dungeon, and saw 3 of its levels.

You collected 90 gold pieces.

Inventory:

Hand Weapons
 a - a +0 war axe (weapon)
Missiles
 h - 3 silver javelins (quivered)
Armour
 b - a +0 scale mail (worn)
 c - a +0 shield (worn)
Jewellery
 m - a cursed ring of resist corrosion (left hand)
Scrolls
 i - 5 scrolls of identify {unknown}
 j - a scroll of enchant weapon {unknown}
 n - a scroll of magic mapping {unknown}
Potions
 e - a potion of berserk rage {unknown}
 k - a potion of agility {unknown}
 l - a potion of flight {unknown}
Comestibles
 f - 7 rations
 g - 2 chunks of flesh


   Skills:
 + Level 6.6 Fighting
 + Level 1.2 Short Blades
 + Level 1.2 Long Blades
 + Level 4.7 Axes
 + Level 1.2 Maces & Flails
 + Level 1.2 Polearms
 + Level 1.2 Staves
 + Level 1.2 Slings
 + Level 1.2 Bows
 + Level 1.2 Crossbows
 + Level 1.2 Throwing
 + Level 6.6 Armour
 + Level 1.2 Dodging
 + Level 1.2 Stealth
 + Level 6.6 Shields
 + Level 1.2 Unarmed Combat
 + Level 1.2 Spellcasting
 + Level 1.0 Conjurations
 + Level 1.0 Hexes
 + Level 1.0 Charms
 + Level 1.0 Summonings
 + Level 1.0 Necromancy
 + Level 1.0 Translocations
 + Level 1.0 Transmutations
 + Level 1.0 Fire Magic
 + Level 1.0 Ice Magic
 + Level 1.0 Air Magic
 + Level 1.0 Earth Magic
 + Level 1.0 Poison Magic
 + Level 1.4 Invocations
 + Level 1.2 Evocations


You had 5 spell levels left.
You didn't know any spells.

Dungeon Overview and Level Annotations

Branches:
Dungeon (3/15)

Altars:
Nemelex Xobeh

Annotations:
D:3 Faustar's ghost, amateur GnSk


Innate Abilities, Weirdness & Mutations

Your experience applies equally to all skills.
You have very sharp teeth.
Your uncanny sense of smell can sniff out nearby items.


Message History

You kill the orc!
You block Faustar's ghost's attack. The orc closely misses you.
You closely miss Faustar's ghost. Your bite misses Faustar's ghost.
Faustar's ghost is heavily damaged.
Faustar's ghost hits you. The orc barely misses you.
Your shield prevents you from hitting Faustar's ghost.
Your bite misses Faustar's ghost.
Faustar's ghost is heavily damaged.
Faustar's ghost hits you! The orc hits you but does no damage.
You block Faustar's ghost's attack.
You miss Faustar's ghost.
Faustar's ghost is heavily damaged.
The orc hits you but does no damage. Faustar's ghost hits you!
* * * LOW HITPOINT WARNING * * *
You miss Faustar's ghost. Your bite misses Faustar's ghost.
Faustar's ghost is heavily damaged.
The orc closely misses you. Faustar's ghost hits you!
* * * LOW HITPOINT WARNING * * *
The orc hits you from afar with a trident.
You die...

.....###§§§##...##§§§##
.(...##§.§§§#...#§§§§.#
##...###§§§##.≈.##§§§##
....####§###...###§###
#..########...#######
..########'''########
### #...........
#......<....
####@....... ∆
#))W...... #.o....(..
#......... ..........
.##........ . #........
. #........


You could see Faustar's ghost and an orc.

Vanquished Creatures
  3 adders
  An ooze (D:1)
  2 worms (D:2)
  2 dart slugs
  3 leopard geckos
  3 orcs (D:3)
  A giant cockroach (D:2)
  7 goblins
  12 hobgoblins
  10 kobolds
  2 ball pythons (D:2)
  9 bats
  4 frilled lizards
  6 rats
65 creatures vanquished.

Notes
Turn   | Place    | Note
-------+----------+-------------------------------------------
     0 | D:1      | RUZZLEFAZAZZLE the Gnoll Fighter began the quest for the Orb.
     0 | D:1      | Reached XP level 1. HP: 23/23 MP: 1/1
   156 | D:1      | Reached XP level 2. HP: 29/29 MP: 2/2
   261 | D:1      | Reached XP level 3. HP: 32/35 MP: 3/3
   709 | D:2      | Reached skill level 1 in Invocations
   877 | D:2      | Reached skill level 1 in Short Blades
   877 | D:2      | Reached skill level 1 in Long Blades
   877 | D:2      | Reached skill level 1 in Maces & Flails
   877 | D:2      | Reached skill level 1 in Polearms
   877 | D:2      | Reached skill level 1 in Staves
   877 | D:2      | Reached skill level 1 in Slings
   877 | D:2      | Reached skill level 1 in Bows
   877 | D:2      | Reached skill level 1 in Crossbows
   877 | D:2      | Reached skill level 1 in Throwing
   877 | D:2      | Reached skill level 1 in Dodging
   877 | D:2      | Reached skill level 1 in Stealth
   877 | D:2      | Reached skill level 1 in Unarmed Combat
   877 | D:2      | Reached skill level 1 in Spellcasting
   877 | D:2      | Reached skill level 1 in Evocations
   877 | D:2      | Reached XP level 4. HP: 33/41 MP: 5/5
  1346 | D:2      | Reached skill level 1 in Conjurations
  1346 | D:2      | Reached skill level 1 in Hexes
  1346 | D:2      | Reached skill level 1 in Charms
  1346 | D:2      | Reached skill level 1 in Summonings
  1346 | D:2      | Reached skill level 1 in Necromancy
  1346 | D:2      | Reached skill level 1 in Translocations
  1346 | D:2      | Reached skill level 1 in Transmutations
  1346 | D:2      | Reached skill level 1 in Fire Magic
  1346 | D:2      | Reached skill level 1 in Ice Magic
  1346 | D:2      | Reached skill level 1 in Air Magic
  1346 | D:2      | Reached skill level 1 in Earth Magic
  1346 | D:2      | Reached skill level 1 in Poison Magic
  1618 | D:3      | Found a sparkling altar of Nemelex Xobeh.
  1643 | D:3      | Noticed Faustar's ghost (amateur GnSk)
  1654 | D:3      | HP: 1/41 [Faustar's ghost (11)]
  1654 | D:3      | Slain by an orc

Skill      XL: |  1  2  3  4 |
---------------+-------------+-----
Invocations    | 1 |  1.4
Short Blades   | 1 |  1.2
Long Blades    | 1 |  1.2
Maces & Flails | 1 |  1.2
Polearms       | 1 |  1.2
Staves         | 1 |  1.2
Slings         | 1 |  1.2
Bows           | 1 |  1.2
Crossbows      | 1 |  1.2
Throwing       | 1 |  1.2
Dodging        | 1 |  1.2
Stealth        | 1 |  1.2
Unarmed Combat | 1 |  1.2
Spellcasting   | 1 |  1.2
Evocations     | 1 |  1.2
Conjurations   | 1 |  1.0
Hexes          | 1 |  1.0
Charms         | 1 |  1.0
Summonings     | 1 |  1.0
Necromancy     | 1 |  1.0
Translocations | 1 |  1.0
Transmutations | 1 |  1.0
Fire Magic     | 1 |  1.0
Ice Magic      | 1 |  1.0
Air Magic      | 1 |  1.0
Earth Magic    | 1 |  1.0
Poison Magic   | 1 |  1.0
Fighting       | |  6.6
Axes           | |  4.7
Armour         | |  6.6
Shields        | |  6.6

Action                   |  1- 3 |  4- 6 || total
-------------------------+-------+-------++-------
Melee: War axe           |    86 |    76 ||   162
       Bite              |     8 |    10 ||    18
Throw: Javelin           |     5 |       ||     5
  Use: Potion            |       |     1 ||     1
  Eat: Chunk             |       |     3 ||     3
Armor: Scale mail        |    43 |    30 ||    73
Dodge: Dodged            |    31 |    32 ||    63
Block: Shield            |    64 |    44 ||   108
